 Dungeon Crawl Stone Soup version 0.31-a0-1074-g0b22e4e0f1 (webtiles) character file.

Game seed: 3600363104322601925

79 wildpjah the Insei (level 4, -5/34 HPs)
             Began as a Demonspawn Shapeshifter on Nov 27, 2023.
             Slain by Edmund
             ... wielding a +4 dire flail of holy wrath
              (14 damage)
             ... on level 4 of the Dungeon.
             The game lasted 00:05:04 (2382 turns).

wildpjah the Insei (Demonspawn Shapeshifter)        Turns: 2382, Time: 00:05:05

Health: -5/34      AC:  3    Str: 14    XL:     4   Next: 16%
Magic:  4/4        EV: 10    Int: 12    God:
Gold:   205        SH:  7    Dex: 14    Spells: 3/3 levels left

rFire   . . .        f - +0 dagger
rCold   . . .        i - +0 kite shield
rNeg    . . .        k - +0 leather armour
rPois   .            (helmet currently unavailable)
rElec   .            (cloak currently unavailable)
rCorr   .            (gloves currently unavailable)
SInv    .            (boots currently unavailable)
Will    .....        (no amulet)
Stlth   +            (no ring)
HPRegen 0.25/turn    (no ring)
MPRegen 0.09/turn

%: no passive effects
@: beast-form
A: beast (slay +1), demonic guardian 1, weakness stinger 2
a: Begin Untransformation


You were on level 4 of the Dungeon.
You were a hulking beast.
You visited 1 branch of the dungeon, and saw 4 of its levels.

You collected 205 gold pieces.

Inventory:

Hand Weapons
 f - a +0 dagger (weapon)
Armour
 i - a +0 kite shield (worn)
 k - a +0 leather armour (worn)
 t - a +0 pair of boots
Jewellery
 e - an amulet of the acrobat
Talismans
 c - a beast talisman
 d - a flux talisman
Scrolls
 h - a scroll of butterflies {unknown}
 j - a scroll of enchant armour {unknown}
 n - a scroll of fog {unknown}
 o - a scroll of blinking {unknown}
 q - 3 scrolls of identify {unknown}
 r - a scroll of enchant weapon {unknown}
Potions
 a - 2 potions of haste {unknown}
 b - a potion of lignification
 g - 2 potions of curing {unknown}
 l - 2 potions of attraction {unknown}
 m - 2 potions of brilliance {unknown}
 p - a potion of heal wounds {unknown}
 s - a potion of degeneration {unknown}
 u - 2 potions of cancellation {unknown}
 v - 2 potions of might {unknown}


   Skills:
 * Level 2.4 Fighting
 + Level 1.2 Short Blades
 + Level 1.0 Armour
 * Level 2.5 Dodging
 + Level 0.2 Stealth
 + Level 0.4 Shields
 - Level 2.6 Unarmed Combat
 - Level 2.6 Shapeshifting


You had 3 spell levels left.
You didn't know any spells.
Your spell library contained the following spells:

 Spells                   Type           Power      Damage    Failure   Level
 Magic Dart               Conj           0%         1d3       85%         1
 Call Imp                 Summ           0%         N/A       94%         2
 Mephitic Cloud           Conj/Pois/Air  0%         N/A       99%         3


Dungeon Overview and Level Annotations

Branches:
Dungeon (4/15)
 Temple: D:4-7

Altars:
Vehumet
Yredelemnul

Shops:
D:2 =

Annotations:
D:3 exclusion: statue
D:4 Edmund


Innate Abilities, Weirdness & Mutations

You are a hulking beast.
Your limbs bulge with bestial killing power. (Slay +1)
A weak demonic guardian rushes to your aid.
You have a tail ending in a sharp stinger.


Message History

A basalt altar of Yredelemnul.
Unknown command.
Press < or > to pray at altars.
You see here a +0 ring mail.
There is an open door here.
There is an escape hatch in the floor here.
There is a stone staircase leading down here.
You climb downwards.
There is a stone staircase leading up here.
A dart slug comes into view.
Found a book of Conjurations.
The dart slug bites you but does no damage.
You hit the dart slug.
The dart slug is moderately wounded.
You block the dart slug's attack.
You hit the dart slug.
The dart slug is heavily wounded.
You hit the dart slug.
The dart slug is almost dead.
You block the dart slug's attack.
You hit the dart slug.
You kill the dart slug!
No target in view!
Edmund the Younger comes into view.
He is wielding a +4 dire flail of holy wrath.
Edmund shouts!
Edmund moves out of view.
Found a chain mail.
No quiver actions available for cycling.
Use [Q] to select from all actions.
No quiver actions available for cycling.
Use [Q] to select from all actions.
You start putting on your amulet.
You continue putting on your amulet of the acrobat.
Edmund hits you with a +4 dire flail of holy wrath!
A demonic guardian appears!
You convulse!
* * * LOW HITPOINT WARNING * * *
You continue putting on your amulet of the acrobat.
You block Edmund's attack.
Your shadow imp closely misses Edmund.
You continue putting on your amulet of the acrobat.
Edmund hits you with a +4 dire flail of holy wrath!
You die...
Edmund says, "I'd like to see a scythe do that!"

## #.#### ###
#...###..
#....#.#### #
#.....#...##
#.###.#....#....##
#...###...#.....#
#[..5#.###.#
#...@h#...##
...#$...#....#.#
##.:.#..<..#
#.###.#....# ..#
..###...# ...#...
.###.# ... #.. #
## .. .#


You could see Edmund (ally target) and a friendly shadow imp (summoned).

Vanquished Creatures
  2 adders (D:3)
  A worm (D:3)
  3 dart slugs
  4 ball pythons
  2 endoplasms
  2 giant cockroaches
  4 goblins
  5 hobgoblins
  5 jackals
  4 quokkas
  6 bats
  3 frilled lizards (D:1)
  4 kobolds
  3 rats
48 creatures vanquished.

Notes
Turn   | Place    | Note
-------+----------+-------------------------------------------
     0 | D:1      | wildpjah the Demonspawn Shapeshifter began the quest for
                  | the Orb.
     0 | D:1      | Reached XP level 1. HP: 15/15 MP: 1/1
   135 | D:1      | Gained mutation: You have a small tail. [demonic ancestry]
   135 | D:1      | Reached XP level 2. HP: 21/21 MP: 2/2
   603 | D:1      | Gained mutation: You have a tail ending in a sharp stinger.
                  | [demonic ancestry]
   603 | D:1      | Reached XP level 3. HP: 27/27 MP: 3/3
   779 | D:2      | Found Behuecw's Jewellery Shop.
   804 | D:2      | Found a faded altar of an unknown god.
  1061 | D:2      | Reached skill level 1 in Short Blades
  1924 | D:3      | Found a radiant altar of Vehumet.
  1924 | D:3      | Noticed a frost-covered statue
  1982 | D:3      | Gained mutation: A weak demonic guardian rushes to your
                  | aid. [demonic ancestry]
  1982 | D:3      | Reached XP level 4. HP: 17/34 MP: 4/4
  2141 | D:3      | Reached skill level 1 in Armour
  2317 | D:3      | Found a faded altar of an unknown god.
  2321 | D:3      | Found a basalt altar of Yredelemnul.
  2378 | D:4      | Noticed Edmund
  2382 | D:4      | Slain by Edmund

Illustrated notes

Levels and vault maps discovered:
D:1:      dpeg_arrival_houses_and_road, layout_basic, corexii_corridor_pit,
          minmay_liquid_box
D:2:      layout_loops_ring, serial_shops, shop,
          hellmonk_ecumenical_altar_pennies_from_heaven
D:3:      layout_loops_ring, nicolae_overflow_ecumenical_swirl, vehumet_statue
D:4:      nicolae_BIG_FREAKIN_CUBE, layout_rooms,
          mainiacjoe_overflow_surrounded_room, zin_angel, fedhas_altar_3,
          kennysheep_orc_sif_temple, uniq_edmund

Skill      XL: |  1  2  3  4 |
---------------+-------------+-----
Dodging        | 2 |  2.5
Fighting       | 2 |  2.4
Short Blades   | 1 |  1.2
Armour         | 1 |  1.0
Stealth        | |  0.2
Shields        | |  0.4
Unarmed Combat | |  2.6
Shapeshifting  | |  2.6

Action                     |  1- 3 |  4- 6 || total
---------------------------+-------+-------++-------
  Melee: Unarmed           |    15 |       ||    15
         Punch             |     1 |       ||     1
         Dagger            |   124 |     7 ||   131
         Tailslap          |    19 |       ||    19
   Stab: Sleeping          |     1 |       ||     1
 Armour: Animal skin       |    24 |       ||    24
         Leather armour    |    34 |     5 ||    39
  Dodge: Dodged            |    74 |     2 ||    76
  Block: Kite shield       |    29 |     3 ||    32

Table legend: (Time is in decaauts)
 A = Elapsed time spent in this place.
 B = Non-inter-level travel time spent in this place.
 C = Inter-level travel time spent in this place.
 D = Time resting spent in this place.
 E = Time spent auto-exploring this place.
 F = Levels seen in this place.
 G = Mean time per level.
                   A        B        C        D        E       F      G
               +--------+--------+--------+--------+--------+-----+--------+
         Total |   2399 |   2293 |    106 |      0 |   1912 |   4 |  599.8 |
       Dungeon |   2399 |   2293 |    106 |      0 |   1912 |   4 |  599.8 |
               +--------+--------+--------+--------+--------+-----+--------+

Top non-repeatable levels by time:
     D:3: 865 daAuts
     D:1: 781 daAuts
     D:2: 735 daAuts
     D:4: 17 daAuts
